Map: [ESL] Ghost River

Players

SKillous

  • Race: Protoss Protoss
  • League: Grandmaster
  • Spawn Location: 11:00

Harstem - Winner!

  • Race: Protoss Protoss
  • League: Master
  • Spawn Location: 1:00

Event: Bellum Gens Elite Stara Zagora 2024

VOD

Have the link to the VOD?

Description

Time

  • Played on: Sept. 7, 2024, 7:27 a.m.
  • Length: 12:00

All games in this series

Show
View Real Time Build Order
Export as new Build Order

SKillous Protoss 

Build Orders:  

Get SALT Encoding   

  12  0:00  Probe  
  13  0:12  Probe  
  14  0:18  Pylon  
  14  0:24  Probe (Chrono Boost)  
  15  0:37  Gateway, Probe (Chrono Boost)  
  16  0:44  Probe (Chrono Boost)  
  16  0:45  Assimilator  
  17  0:51  Probe (Chrono Boost)  
  17  0:54  Assimilator  
  18  1:03  Probe (Chrono Boost)  
  19  1:07  Gateway  
  19  1:12  Probe (Chrono Boost)  
  19  1:18  Probe  
  21  1:26  Cybernetics Core  
  21  1:30  Probe  
  22  1:33  Pylon  
  22  1:42  Probe  
  24  1:54  Probe  
  24  2:02  Robotics Facility  
  24  2:03  Adept, Warp Gate  
  24  2:07  Adept  
  28  2:19  Pylon  
  28  2:21  Probe  
  29  2:25  Shield Battery  
  29  2:35  Stalker  
  31  2:37  Stalker  
  34  2:48  Warp Prism (Chrono Boost)  
  35  3:06  Sentry  
  35  3:09  Pylon  
  38  3:24  Immortal (Chrono Boost)  
  37  3:30  Shield Battery  
  41  3:34  Pylon  
  41  3:46  Shield Battery  
  41  4:05  Sentry  
  41  4:06  Sentry  
  41  4:08  Immortal (Chrono Boost)  
  49  4:15  Pylon  
  49  4:19  Stargate  
  49  4:35  Probe  
  50  4:42  Immortal (Chrono Boost)  
  52  4:49  Probe  
  49  4:54  Stalker x2  
  49  4:59  Pylon  
  53  5:01  Twilight Council  
  53  5:08  Probe  
  54  5:18  Warp Prism  
  56  5:25  Stalker  
  58  5:30  Probe  
  59  5:37  Blink (Chrono Boost), Pylon  
  59  5:48  Stalker  
  61  5:57  Stalker  
  61  6:26  Stalker  
  61  6:27  Stalker  
  61  6:32  Nexus  
  65  6:42  Gateway  
  59  6:53  Sentry x2  
  57  6:56  Shield Battery  
  57  6:58  Shield Battery  
  57  7:00  Pylon  
  57  7:03  Probe  
  58  7:15  Probe  
  59  7:16  Observer  
  59  7:19  Stalker  
  61  7:27  Stalker, Probe  
  62  7:39  Probe  
  61  7:47  Probe  
  58  7:51  Probe  
  58  7:56  Stalker  
  61  7:59  Probe  
  61  8:00  Stalker  
  61  8:02  Stalker  
  61  8:03  Probe  
  67  8:08  Phoenix  
  67  8:11  Probe  
  68  8:13  Pylon  
  68  8:15  Probe  
  68  8:19  Resonating Glaives (Chrono Boost)  
  69  8:21  Stalker  
  69  8:23  Probe  
  72  8:30  Assimilator  
  72  8:42  Gateway  
  72  8:43  Gateway  
  72  8:50  Gateway  
  72  8:58  Warp Prism (Chrono Boost)  
  74  9:11  Sentry, Adept x2  
  74  9:15  Pylon  
  80  9:24  Pylon  
  80  9:38  Adept x5  
  90  9:44  Adept  
  92  9:53  Pylon  
  92  10:06  Adept x4  
  98  10:08  Sentry x2  
  98  10:13  Pylon  
  90  10:32  Sentry  
  90  10:33  Adept x4  
  100  10:37  Adept  
  94  10:52  Adept x2  
  94  10:56  Adept x3  
  90  11:01  Adept  
  78  11:07  Adept  
  64  11:19  Adept x3  
  64  11:22  Adept  
  64  11:25  Adept  
  64  11:29  Sentry  
  60  11:35  Probe  
  51  11:46  Adept x4  
Show
View Real Time Build Order
Export as new Build Order

Harstem Protoss - Winner!

Build Orders: Phoenix Opening 

Get SALT Encoding   

  12  0:00  Probe  
  13  0:12  Probe  
  14  0:17  Pylon  
  14  0:24  Probe (Chrono Boost)  
  15  0:36  Probe (Chrono Boost)  
  15  0:37  Gateway  
  16  0:45  Probe (Chrono Boost)  
  16  0:46  Assimilator  
  17  0:51  Probe  
  17  0:56  Assimilator  
  18  1:03  Probe (Chrono Boost)  
  19  1:07  Gateway  
  20  1:12  Probe (Chrono Boost)  
  20  1:17  Probe (Chrono Boost)  
  20  1:24  Cybernetics Core  
  21  1:29  Probe  
  22  1:33  Pylon  
  22  1:41  Probe  
  24  2:01  Robotics Facility, Warp Gate  
  24  2:04  Stalker  
  24  2:07  Probe  
  28  2:10  Stalker  
  28  2:17  Pylon  
  28  2:19  Probe  
  29  2:35  Stalker  
  31  2:40  Stalker  
  34  2:47  Warp Prism (Chrono Boost)  
  34  3:01  Probe  
  34  3:03  Shield Battery  
  35  3:06  Sentry  
  35  3:12  Pylon  
  37  3:27  Immortal (Chrono Boost)  
  37  3:30  Probe  
  42  3:42  Probe  
  43  3:49  Pylon  
  43  3:52  Phoenix  
  43  3:53  Stalker  
  43  3:54  Stalker  
  46  4:07  Stargate  
  45  4:21  Immortal (Chrono Boost)  
  44  4:28  Probe  
  49  4:38  Pylon  
  49  4:40  Probe  
  50  5:00  Immortal  
  50  5:02  Phoenix  
  50  5:06  Probe  
  56  5:15  Pylon  
  56  5:21  Probe  
  58  5:42  Nexus  
  57  5:45  Sentry  
  57  5:48  Probe  
  60  5:57  Immortal (Chrono Boost)  
  65  6:05  Sentry  
  66  6:20  Probe  
  66  6:21  Sentry  
  69  6:31  Pylon  
  69  6:32  Probe  
  70  6:33  Shield Battery  
  70  6:44  Probe  
  67  6:51  Immortal (Chrono Boost)  
  67  6:56  Probe  
  67  6:58  Sentry, Probe  
  71  7:05  Phoenix (Chrono Boost)  
  74  7:08  Probe  
  74  7:10  Probe  
  74  7:15  Shield Battery  
  75  7:20  Probe  
  76  7:23  Probe  
  76  7:25  Immortal (Chrono Boost)  
  81  7:32  Probe  
  81  7:34  Stalker  
  81  7:35  Stalker  
  87  7:39  Probe, Pylon  
  87  7:44  Probe  
  84  7:51  Probe  
  84  7:54  Phoenix  
  84  7:57  Probe  
  86  7:59  Assimilator, Twilight Council  
  86  8:04  Probe  
  87  8:09  Probe  
  87  8:11  Observer  
  89  8:16  Probe  
  89  8:17  Forge  
  90  8:20  Assimilator  
  90  8:21  Probe  
  91  8:32  Stalker x2  
  97  8:37  Blink (Chrono Boost)  
  97  8:40  Nexus  
  95  8:48  Probe  
  96  8:49  Probe  
  96  8:53  Shield Battery  
  97  9:00  Probe, Pylon  
  97  9:01  Sentry  
  100  9:03  Phoenix  
  100  9:06  Stalker  
  102  9:13  Pylon  
  102  9:18  Probe  
  102  9:20  Protoss Ground Weapons Level 1 (Chrono Boost)  
  102  9:24  Robotics Facility  
  102  9:31  Probe x2  
  104  9:38  Gateway  
  104  9:42  Gateway  
  104  9:43  Probe x2  
  106  9:50  Stalker x2  
  109  10:01  Shield Battery  
  109  10:05  Probe  
  109  10:10  Gateway  
  109  10:11  Shield Battery  
  109  10:14  Sentry  
  111  10:15  Sentry  
  111  10:16  Probe  
  110  10:29  Probe  
  109  10:36  Gateway x2  
  109  10:38  Sentry x4  
  109  10:42  Probe  
  92  11:02  Stalker x4  
  92  11:03  Probe  
  91  11:04  Probe  
  91  11:06  Immortal (Chrono Boost)  
  91  11:07  Probe  
  91  11:09  Pylon  
  90  11:14  Stalker  
  90  11:15  Probe  
  84  11:23  Probe  
  73  11:26  Stalker x4  
  77  11:39  Stalker x2  
  77  11:40  Probe  
  77  11:45  Stalker  
  77  11:46  Observer (Chrono Boost), Probe  
  78  11:48  Probe  
Tags
 
Add a new tag
Caveats
  • Supply blocks, unpowered buildings, or Contaminate may cause inaccurate times.
  • Supply counts are checked every 10 seconds.